 Dungeon Crawl Stone Soup version 0.26-a0-1184-g95e395e029 (webtiles) character file.

Game seed: 2942079124370121973

0 uibert the Firebug (level 1, -3/13 HPs)
             Began as a Demonspawn Fire Elementalist on Dec 27, 2020.
             Slain by a hobgoblin
             ... wielding a +0 club
              (4 damage)
             ... on level 1 of the Dungeon.
             The game lasted 00:00:29 (133 turns).

uibert the Firebug (Demonspawn Fire Elementalist)    Turns: 133, Time: 00:00:29

Health: -3/13      AC:  2    Str:  8    XL:     1   Next: 8%
Magic:  0/3        EV: 12    Int: 16    God:
Gold:   15         SH:  0    Dex: 13    Spells: 3/4 levels left

rFire    . . .     SeeInvis .   (no weapon)
rCold    . . .     Faith    .   (no shield)
rNeg     . . .     Spirit   .   a - +0 robe
rPois    .         Reflect  .   (no helmet)
rElec    .         Harm     .   (no cloak)
rCorr    .         Rampage  .   (no gloves)
Will     .....                  (no boots)
Stlth    ++........             (no amulet)
HPRegen  0.04/turn              (no ring)
MPRegen  0.08/turn              (no ring)

@: no status effects
A: no striking features
a: no special abilities


You were on level 1 of the Dungeon.
You visited 1 branch of the dungeon, and saw 1 of its levels.

You collected 15 gold pieces.

Inventory:

Missiles
 b - 13 poisoned darts
Armour
 a - a +0 robe (worn)
Scrolls
 d - a scroll of identify {unknown}
Potions
 c - a potion of haste {unknown}


   Skills:
 - Level 1.7 Dodging
 - Level 1.7 Stealth
 - Level 2.0 Spellcasting
 - Level 1.0 Conjurations
 + Level 2.7 Fire Magic


You had 3 spell levels left.
You knew the following spells:

 Your Spells              Type           Power        Failure   Level
a - Foxfire               Conj/Fire      28%          10%         1

Your spell library contained the following spells:

 Spells                   Type           Power        Failure   Level
 Conjure Flame            Conj/Fire      7%           28%         3
 Inner Flame              Hex/Fire       5%           34%         3
 Sticky Flame             Conj/Fire      7%           67%         4
 Fireball                 Conj/Fire      3%           95%         5


Dungeon Overview and Level Annotations

Branches:
Dungeon (1/15)

Altars:


Message History

The kobold hits you with a +0 dagger.
The hobgoblin hits you but does no damage.
A rat comes into view.
The rat bites you but does no damage.
Found a scroll labelled IGOSCH ZUCUSSU.
The rat closely misses you.
You hit the rat.
The rat is heavily wounded.
The rat bites you.
The hobgoblin hits you but does no damage.
You hit the rat but do no damage.
The rat is heavily wounded.
The rat barely misses you. The hobgoblin hits you with a +0 club.
* * * LOW HITPOINT WARNING * * *
Your magical contamination has completely faded away.
You hit the rat but do no damage. The rat bites you but does no damage.
You hit the rat but do no damage. The hobgoblin closely misses you.
The rat bites you but does no damage.
You completely miss the rat. The hobgoblin hits you with a +0 club.
You die...

### #### #.. ..# #.#
#.# ##.# ##.## ...#
##...##
##.#####.....#####
....((........Kg@#
##.##.#......###r#
##..........#.#...#
##..#...........?..#
##..#.#.(#.##.#....#
##....#....#.###.#.#
##..........# #.#.#
....###...### #.#.#
.####


You could see a hobgoblin, a kobold and a rat.

Vanquished Creatures
  A rat (D:1)
1 creature vanquished.

Vanquished Creatures (others)
  3 foxfires (D:1)
3 creatures vanquished.

Grand Total: 4 creatures vanquished

Notes
Turn   | Place    | Note
-------+----------+-------------------------------------------
     0 | D:1      | uibert the Demonspawn Fire Elementalist began the quest for
                  | the Orb.
     0 | D:1      | Reached XP level 1. HP: 13/13 MP: 3/3
   133 | D:1      | Slain by a hobgoblin

Illustrated notes

Levels and vault maps discovered:
D:1:      dpeg_arrival_arbitrary_b, layout_loops_ring

Action                   || total
-------------------------++-------
Melee: Unarmed           ||     6
 Cast: Foxfire           ||     3
Armor: Robe              ||     5
Dodge: Dodged            ||     4

Table legend: (Time is in decaauts)
 A = Elapsed time spent in this place.
 B = Non-inter-level travel time spent in this place.
 C = Inter-level travel time spent in this place.
 D = Time resting spent in this place.
 E = Time spent auto-exploring this place.
 F = Levels seen in this place.
 G = Mean time per level.
                   A        B        C        D        E       F      G
               +--------+--------+--------+--------+--------+-----+--------+
         Total |    133 |    133 |      0 |      0 |     96 |   1 |  133.0 |
       Dungeon |    133 |    133 |      0 |      0 |     96 |   1 |  133.0 |
               +--------+--------+--------+--------+--------+-----+--------+

Top non-repeatable levels by time:
     D:1: 133 daAuts
